 Dungeon Crawl Stone Soup version 0.26.1-2-gb8aa6d0cf2 (webtiles) character file.

Game seed: 8249880050668397327

50 Groucho the Sneak (level 3, -5/16 HPs)
             Began as a Spriggan Enchanter on Feb 17, 2021.
             Slain by a worm (10 damage)
             ... on level 2 of the Dungeon.
             The game lasted 00:06:45 (4761 turns).

Groucho the Sneak (Spriggan Enchanter)              Turns: 4761, Time: 00:06:46

Health: -5/16      AC:  2    Str:  5    XL:     3   Next: 55%
Magic:  2/8        EV: 18    Int: 16    God:
Gold:   57         SH:  0    Dex: 16    Spells: 1/7 levels left

rFire    . . .     SeeInvis +   a - +1 dagger
rCold    . . .     Faith    .   (shield restricted)
rNeg     . . .     Spirit   .   b - +0 robe
rPois    .         Reflect  .   (helmet restricted)
rElec    .         Harm     .   (no cloak)
rCorr    .         Rampage  .   (gloves unavailable)
Will     .....                  (boots unavailable)
Stlth    ++++......             (no amulet)
HPRegen  0.05/turn              (no ring)
MPRegen  0.11/turn              (no ring)

@: very slightly contaminated, very quick
A: very small, unfitting armour, see invisible, speed 3
a: no special abilities


You were on level 2 of the Dungeon.
You visited 1 branch of the dungeon, and saw 2 of its levels.

You collected 57 gold pieces.

Inventory:

Hand Weapons
 a - a +1 dagger (weapon)
Armour
 b - a +0 robe (worn)
Jewellery
 d - an uncursed ring of ice {unknown}
 h - a +6 ring of strength {unknown}
Scrolls
 f - a scroll of teleportation {unknown}
 g - 2 scrolls of identify {unknown}
 k - a scroll of immolation {unknown}
Potions
 c - a potion of lignification
 e - a potion of heal wounds {unknown}
 i - a potion of invisibility {unknown}
 j - a potion of curing {unknown}
 l - a potion of haste
 m - a potion of magic {unknown}


   Skills:
 - Level 1.1 Short Blades
 - Level 3.0 Dodging
 * Level 7.0 Stealth
 + Level 2.7 Spellcasting
 + Level 3.6 Hexes


You had one spell level left.
You knew the following spells:

 Your Spells              Type           Power        Failure   Level
a - Corona                Hex            15%          4%          1
b - Ensorcelled Hibernat  Hex/Ice        16%          14%         2
c - Confusing Touch       Hex            14%          13%         3

Your spell library contained the following spells:

 Spells                   Type           Power        Failure   Level
 Tukima's Dance           Hex            14%          13%         3
 Dazzling Flash           Conj/Hex       16%          26%         3


Dungeon Overview and Level Annotations

Branches:
Dungeon (2/15)

Altars:
Trog


Innate Abilities, Weirdness & Mutations

You are very small and have problems with some larger weapons.
You are too small for most types of armour.
You have supernaturally acute eyesight. (SInv)
You cover ground extremely quickly.


Message History

a +0 club; a goblin skeleton
Casting: Ensorcelled Hibernation (safe; 14% risk of failure)
Confirm with . or Enter, or press ? or * to list all spells.
Aiming: Ensorcelled Hibernation (safe; 14% risk of failure)
Press: ? - help, Shift-Dir - straight line, f/p - worm
Aim: a worm (chance to affect: 49%)
The worm resists with some effort.
Casting: Ensorcelled Hibernation (safe; 14% risk of failure)
Confirm with . or Enter, or press ? or * to list all spells.
Aiming: Ensorcelled Hibernation (safe; 14% risk of failure)
Press: ? - help, Shift-Dir - straight line, f/p - worm
Aim: a worm (chance to affect: 49%)
The worm looks drowsy...
Things that are here:
a +0 club; a goblin skeleton You hit the worm.
The worm is lightly wounded.
The worm bites you!
Ouch! That really hurt!
You die...

.... .......... #.#.
###......... # ...
#.#......^..
#.###.###.#........_
.......$............
.................!..
#####.)...(........
####...........###
.........@.((.(##
######...w....##
.?.........##
#..####.#### ...#
#.. ... ###. .# (# #


You could see a worm.

Vanquished Creatures
  Robin (D:2)
  2 giant cockroaches (D:1)
  9 goblins
  5 hobgoblins
  3 jackals (D:1)
  3 kobolds
  A quokka (D:2)
  A ball python (D:1)
  3 bats (D:1)
  2 frilled lizards (D:1)
  6 rats (D:1)
36 creatures vanquished.

Notes
Turn   | Place    | Note
-------+----------+-------------------------------------------
     0 | D:1      | Groucho the Spriggan Enchanter began the quest for the Orb.
     0 | D:1      | Reached XP level 1. HP: 9/9 MP: 5/5
   225 | D:1      | Reached skill level 5 in Stealth
   398 | D:1      | Reached XP level 2. HP: 13/13 MP: 6/6
   434 | D:1      | Learned a level 2 spell: Ensorcelled Hibernation
   966 | D:1      | Reached skill level 6 in Stealth
  1782 | D:2      | Noticed Robin
  2988 | D:2      | Killed Robin
  2989 | D:2      | Reached XP level 3. HP: 16/16 MP: 2/8
  3906 | D:2      | Learned a level 3 spell: Confusing Touch
  4453 | D:2      | Reached skill level 7 in Stealth
  4474 | D:2      | Found a bloodstained altar of Trog.
  4761 | D:2      | Slain by a worm

Illustrated notes

Levels and vault maps discovered:
D:1:      co_arrival_square_in_a_square_in_a_square, layout_basic
D:2:      layout_rooms, bloody_trog, nicolae_overflow_hidden_temple,
          nicolae_ru_awakened_eye, chequers_ecumenical_altar_island,
          chequers_serial_rivers_small_3, minmay_misc_feat_roman, uniq_jessica,
          uniq_robin, uniq_crazy_yiuf_cottage

Skill      XL: |  1  2  3 |
---------------+----------+-----
Stealth        | 5 6 7 |  7.0
Short Blades   | |  1.1
Dodging        | |  3.0
Spellcasting   | |  2.7
Hexes          | |  3.6

Action                   || total
-------------------------++-------
Melee: Dagger            ||   125
 Cast: Corona            ||     4
       Ensorcelled Hiber ||    31
       Confusing Touch   ||     1
  Use: Potion            ||     1
 Stab: Sleeping          ||    18
Armor: Robe              ||    12
Dodge: Dodged            ||   153
